MID
GREENSBORO GRASSHOPPERS @ BINGHAMTON METS
08/26/2047
 
TOP OF THE 1ST
Greensboro Grasshoppers batting - Pitching for Binghamton Mets : RHP Eddie Carrasco
Pitching: RHP Eddie Carrasco
Batting: RHB Akira Suzuki 0-0: Called Strike
0-1: Ball
1-1: Foul Ball, location: 2F
1-2: Strikes out looking
Batting: LHB Jose Cabello 0-0: Ball
1-0: Ball
2-0: SINGLE (Groundball, 4, EV 101.2 MPH)
Batting: RHB Manuel Taveras 0-0: Ball
Wild Pitch!
Jose Cabello to second
1-0: Foul Ball, location: 2F
1-1: Swinging Strike
1-2: Ball
2-2: Foul Ball, location: 2F
2-2: DOUBLE (Line Drive, 7LS, EV 99.4 MPH)
Jose Cabello scores
Batting: SHB Matt Moore 0-0: Called Strike
0-1: Fly out, F8 (Flyball, 8RM, EV 83.8 MPH)
Batting: RHB Nate Crofts 0-0: Ball
1-0: SINGLE (Groundball, 34D, EV 93.8 MPH)
Manuel Taveras to third
Batting: RHB Jim Fisher 0-0: Ball
1-0: Ball
2-0: DOUBLE (Line Drive, 89M, EV 92.5 MPH)
Manuel Taveras scores
Nate Crofts to third
Batting: RHB Larry LeFever 0-0: Swinging Strike
0-1: Ball
1-1: Ball
2-1: Foul Ball, location: 2F
2-2: Strikes out looking
Top of the 1st over - 2 runs, 4 hits, 0 errors, 2 left on base; Greensboro 2 - Binghamton 0
BOTTOM OF THE 1ST
Binghamton Mets batting - Pitching for Greensboro Grasshoppers : RHP Javy Balderrama
Pitching: RHP Javy Balderrama
Batting: RHB Oscar Bravo 0-0: Ball
1-0: Called Strike
1-1: Foul Ball, location: 2F
1-2: Ball
2-2: Strikes out swinging
Batting: SHB Ryan Brown 0-0: Swinging Strike
0-1: Hit by Pitch
Batting: LHB Bayesa Mundhir 0-0: Ball
1-0: Foul Ball, location: 2F
1-1: Swinging Strike
1-2: Foul Ball, location: 2F
1-2: SINGLE (Groundball, 34S, EV 83.8 MPH) (infield hit)
Ryan Brown to second
Batting: LHB Tony Leyba 0-0: Fly out, F7 (Flyball, 78S, EV 95.0 MPH)
Batting: RHB Jose Lara 0-0: Called Strike
0-1: Fielders Choice at 2nd, 6-4 (Groundball, 6, EV 106.2 MPH)
Bottom of the 1st over - 0 runs, 1 hit, 0 errors, 2 left on base; Greensboro 2 - Binghamton 0
TOP OF THE 2ND
Greensboro Grasshoppers batting - Pitching for Binghamton Mets : RHP Eddie Carrasco
Batting: RHB J.D. Vander Klok 0-0: Ground out 6-3 (Groundball, 6S, EV 90.0 MPH)
Batting: RHB Chris Alft 0-0: Called Strike
0-1: Foul Ball, location: 2F
0-2: Ball
1-2: Strikes out looking
Batting: RHB Akira Suzuki 0-0: Called Strike
0-1: Ground out 2-3 (Groundball, 2L, EV 70.0 MPH)
Top of the 2nd over - 0 runs, 0 hits, 0 errors, 0 left on base; Greensboro 2 - Binghamton 0
BOTTOM OF THE 2ND
Binghamton Mets batting - Pitching for Greensboro Grasshoppers : RHP Javy Balderrama
Batting: RHB Fathi Addae 0-0: Ball
1-0: Ball
2-0: Ground out 4-3 (Groundball, 4, EV 89.4 MPH)
Batting: RHB Gang-sheng Chew 0-0: Foul Ball, location: 2F
0-1: Fly out, F8 (Flyball, 8RS, EV 91.9 MPH)
Batting: RHB Frank Shaw 0-0: Foul Ball, location: 2F
0-1: Swinging Strike
0-2: Ball
1-2: Ball
2-2: Strikes out swinging
Bottom of the 2nd over - 0 runs, 0 hits, 0 errors, 0 left on base; Greensboro 2 - Binghamton 0
TOP OF THE 3RD
Greensboro Grasshoppers batting - Pitching for Binghamton Mets : RHP Eddie Carrasco
Batting: LHB Jose Cabello 0-0: Called Strike
0-1: Ball
1-1: Ball
2-1: Foul Ball, location: 2F
2-2: Strikes out looking
Batting: RHB Manuel Taveras 0-0: Called Strike
0-1: Foul Ball, location: 2F
0-2: Fly out, F8 (Flyball, 8LM, EV 96.2 MPH)
Batting: SHB Matt Moore 0-0: Ball
1-0: Swinging Strike
1-1: Foul Ball, location: 2F
1-2: Strikes out swinging
Top of the 3rd over - 0 runs, 0 hits, 0 errors, 0 left on base; Greensboro 2 - Binghamton 0
BOTTOM OF THE 3RD
Binghamton Mets batting - Pitching for Greensboro Grasshoppers : RHP Javy Balderrama
Batting: RHB Victor Reyes 0-0: Foul Ball, location: 2F
0-1: SINGLE (Groundball, 6MD, EV 99.4 MPH)
Batting: RHB Oscar Bravo 0-0: Ball
1-0: Called Strike
1-1: Swinging Strike
1-2: Strikes out swinging
Batting: SHB Ryan Brown 0-0: Fielders Choice at 2nd, 5-4 (Groundball, 56, EV 83.1 MPH)
Batting: LHB Bayesa Mundhir 0-0: Foul Ball, location: 2F
0-1: Ball
1-1: Swinging Strike
1-2: Strikes out swinging
Bottom of the 3rd over - 0 runs, 1 hit, 0 errors, 1 left on base; Greensboro 2 - Binghamton 0
TOP OF THE 4TH
Greensboro Grasshoppers batting - Pitching for Binghamton Mets : RHP Eddie Carrasco
Batting: RHB Nate Crofts 0-0: Ball
1-0: Reached on error, E5 (Groundball, 56, EV 84.4 MPH)
Batting: RHB Jim Fisher 0-0: Called Strike
0-1: Ball
1-1: Called Strike
1-2: Ball
2-2: SINGLE (Flyball, 89S, EV 85.0 MPH)
Nate Crofts to second
Batting: RHB Larry LeFever 0-0: Foul Ball, location: 2F
0-1: Fly out, F8 (Flyball, 78XD, EV 90.6 MPH)
Runner from 2nd tags up, SAFE at 3rd, no throw by CF
Batting: RHB J.D. Vander Klok 0-0: Foul Ball, location: 2F
0-1: Ball
1-1: Ball
2-1: Ball
3-1: Swinging Strike
3-2: Foul Ball, location: 2F
3-2: Strikes out swinging
Batting: RHB Chris Alft 0-0: Ball
1-0: Called Strike
1-1: Ball
2-1: Ball
3-1: Swinging Strike
3-2: Base on Balls
Jim Fisher to second
Batting: RHB Akira Suzuki 0-0: Foul Ball, location: 2F
0-1: Foul Ball, location: 2F
0-2: Reached on error, E6 (Groundball, 6, EV 85.0 MPH)
Nate Crofts scores
Jim Fisher to third
Chris Alft to second
Batting: LHB Jose Cabello 0-0: Ball
1-0: Swinging Strike
1-1: Fly out, F5 (Popup, 5SF, EV 83.8 MPH)
Top of the 4th over - 1 run, 1 hit, 2 errors, 3 left on base; Greensboro 3 - Binghamton 0
BOTTOM OF THE 4TH
Binghamton Mets batting - Pitching for Greensboro Grasshoppers : RHP Javy Balderrama
Batting: LHB Tony Leyba 0-0: Ball
1-0: Called Strike
1-1: Foul Ball, location: 2F
1-2: Ball
2-2: SINGLE (Groundball, 4M, EV 105.0 MPH) (infield hit)
Batting: RHB Jose Lara 0-0: Called Strike
0-1: Foul Ball, location: 2F
0-2: Ball
1-2: Ball
2-2: Foul Ball, location: 2F
2-2: Foul Ball, location: 2F
2-2: Ball
3-2: Foul Ball, location: 2F
3-2: Foul Ball, location: 2F
3-2: Foul Ball, location: 2F
3-2: Foul Ball, location: 2F
3-2: SINGLE (Flyball, 34D, EV 90.0 MPH)
Tony Leyba to second
Batting: RHB Fathi Addae 0-0: Foul Ball, location: 2F
0-1: Ball
1-1: Called Strike
1-2: Foul Ball, location: 2F
1-2: Fly out, F8 (Line Drive, 8LM, EV 91.2 MPH)
Batting: RHB Gang-sheng Chew 0-0: Foul Ball, location: 2F
0-1: Foul Ball, location: 2F
0-2: Foul Ball, location: 2F
0-2: SINGLE (Flyball, 34D, EV 84.4 MPH)
Tony Leyba to third
Jose Lara to second
Batting: RHB Frank Shaw 0-0: Ball
1-0: Swinging Strike
1-1: Ball
2-1: Foul Ball, location: 2F
2-2: Foul Ball, location: 2F
2-2: Strikes out swinging
Batting: RHB Victor Reyes 0-0: Called Strike
0-1: Foul Ball, location: 2F
0-2: Ball
1-2: Strikes out looking
Bottom of the 4th over - 0 runs, 3 hits, 0 errors, 3 left on base; Greensboro 3 - Binghamton 0
TOP OF THE 5TH
Greensboro Grasshoppers batting - Pitching for Binghamton Mets : RHP Eddie Carrasco
Batting: RHB Manuel Taveras 0-0: Ball
1-0: Ball
2-0: Ball
3-0: Base on Balls
Batting: SHB Matt Moore 0-0: Ball
1-0: Foul Ball, location: 2F
1-1: Foul Ball, location: 2F
1-2: Strikes out looking
Batting: RHB Nate Crofts 0-0: Called Strike
0-1: Fielders Choice at 2nd, 4-6 (Groundball, 4D, EV 96.2 MPH)
Batting: RHB Jim Fisher 0-0: Ball
1-0: Ball
2-0: Called Strike
2-1: Ball
3-1: Base on Balls
Nate Crofts to second
Batting: RHB Larry LeFever 0-0: Called Strike
0-1: Ball
1-1: Ball
2-1: DOUBLE (Line Drive, 7LM, EV 105.0 MPH)
Nate Crofts scores
Jim Fisher to third
Batting: RHB J.D. Vander Klok 0-0: Ball
1-0: Foul Ball, location: 2F
1-1: SINGLE (Groundball, 6MS, EV 74.4 MPH) (infield hit)
Jim Fisher scores
Larry LeFever to third
Pitching: LHP Juan Castellano
Batting: RHB Chris Alft 0-0: Called Strike
0-1: Ball
1-1: Ball
2-1: Ball
3-1: Base on Balls
J.D. Vander Klok to second
Batting: RHB Akira Suzuki 0-0: Foul Ball, location: 2F
0-1: Ball
1-1: Foul Ball, location: 2F
1-2: SINGLE (Line Drive, 8RS, EV 105.6 MPH)
Larry LeFever scores
J.D. Vander Klok to third
Chris Alft to second
Batting: LHB Jose Cabello 0-0: Swinging Strike
0-1: Ball
1-1: SINGLE (Groundball, 34D, EV 101.9 MPH)
J.D. Vander Klok scores
Chris Alft to third
Akira Suzuki to second
Runner from 3rd tries for Home, SAFE, throw by RF to home
Batting: RHB Manuel Taveras 0-0: Foul Ball, location: 2F
0-1: Swinging Strike
0-2: Ball
1-2: Strikes out swinging
Top of the 5th over - 5 runs, 4 hits, 0 errors, 2 left on base; Greensboro 8 - Binghamton 0
BOTTOM OF THE 5TH
Binghamton Mets batting - Pitching for Greensboro Grasshoppers : RHP Javy Balderrama
Batting: RHB Oscar Bravo 0-0: SINGLE (Line Drive, 89S, EV 100.0 MPH)
Batting: SHB Ryan Brown 0-0: Called Strike
Oscar Bravo is caught stealing 2nd base 2-6
0-1: Ball
1-1: Foul Ball, location: 2F
1-2: Ball
2-2: Foul Ball, location: 2F
2-2: Ball
3-2: Foul Ball, location: 2F
3-2: Base on Balls
Batting: LHB Bayesa Mundhir 0-0: Foul Ball, location: 2F
0-1: DOUBLE (Line Drive, 78XD, EV 111.9 MPH)
Ryan Brown to third
Runner from 3rd tries for Home, SAFE, throw by CF to home
Batting: LHB Tony Leyba 0-0: Ball
1-0: Foul Ball, location: 2F
1-1: Foul Ball, location: 2F
1-2: Strikes out swinging, 2-3 out at first.
Batting: RHB Jose Lara 0-0: Ball
1-0: Called Strike
1-1: Ball
2-1: SINGLE (Line Drive, 8RS, EV 108.1 MPH)
Bayesa Mundhir to third
Runner from 3rd tries for Home, SAFE, throw by CF to home
Pitching: LHP Melvin Castro
Batting: RHB Fathi Addae 0-0: Called Strike
0-1: Ball
1-1: Swinging Strike
1-2: Strikes out swinging
Bottom of the 5th over - 2 runs, 3 hits, 0 errors, 1 left on base; Greensboro 8 - Binghamton 2
TOP OF THE 6TH
Greensboro Grasshoppers batting - Pitching for Binghamton Mets : LHP Juan Castellano
Batting: SHB Matt Moore 0-0: Ball
1-0: Fly out, F9 (Flyball, 9LS, EV 90.0 MPH)
Batting: RHB Nate Crofts 0-0: Ball
1-0: Foul Ball, location: 2F
1-1: Foul Ball, location: 2F
1-2: DOUBLE (Flyball, 8RXD, EV 103.1 MPH)
Batting: RHB Jim Fisher 0-0: Ball
1-0: Foul Ball, location: 2F
1-1: Ball
2-1: Foul Ball, location: 2F
2-2: Ball
3-2: Strikes out looking
Batting: RHB Larry LeFever 0-0: Called Strike
0-1: Swinging Strike
0-2: Strikes out swinging
Top of the 6th over - 0 runs, 1 hit, 0 errors, 1 left on base; Greensboro 8 - Binghamton 2
BOTTOM OF THE 6TH
Binghamton Mets batting - Pitching for Greensboro Grasshoppers : LHP Melvin Castro
Batting: RHB Gang-sheng Chew 0-0: Called Strike
0-1: Ball
1-1: Ball
2-1: Fly out, F8 (Flyball, 8RXD, EV 96.2 MPH)
Batting: RHB Frank Shaw 0-0: Ball
1-0: Ball
2-0: Called Strike
2-1: Foul Ball, location: 2F
2-2: Strikes out swinging
Batting: RHB Victor Reyes 0-0: Called Strike
0-1: Swinging Strike
0-2: Ball
1-2: Foul Ball, location: 2F
1-2: SINGLE (Groundball, 56S, EV 71.9 MPH) (infield hit)
Batting: RHB Oscar Bravo 0-0: Ball
1-0: SINGLE (Line Drive, 9S, EV 94.4 MPH)
Victor Reyes to second
Runner from 2nd tries for 3rd, SAFE, throw by RF made to third
Batting: SHB Ryan Brown 0-0: Foul Ball, location: 2F
0-1: Ball
1-1: Ball
2-1: Foul Ball, location: 2F
2-2: Ground out 6-3 (Groundball, 56, EV 105.6 MPH)
Bottom of the 6th over - 0 runs, 2 hits, 0 errors, 2 left on base; Greensboro 8 - Binghamton 2
TOP OF THE 7TH
Greensboro Grasshoppers batting - Pitching for Binghamton Mets : LHP Juan Castellano
Batting: RHB J.D. Vander Klok 0-0: Foul Ball, location: 2F
0-1: Called Strike
0-2: Ball
1-2: Ball
2-2: Strikes out looking
Pitching: LHP Luis Herrera
Batting: RHB Chris Alft 0-0: Called Strike
0-1: SINGLE (Groundball, 6D, EV 111.2 MPH)
Batting: RHB Akira Suzuki 0-0: DOUBLE (Line Drive, 89XD, EV 106.9 MPH)
Chris Alft to third
Batting: LHB Jose Cabello 0-0: Foul Ball, location: 2F
0-1: Swinging Strike
0-2: Foul Ball, location: 2F
0-2: Strikes out swinging
Batting: RHB Manuel Taveras 0-0: Fly out, F2 (Popup, 25F, EV 85.6 MPH)
Top of the 7th over - 0 runs, 2 hits, 0 errors, 2 left on base; Greensboro 8 - Binghamton 2
BOTTOM OF THE 7TH
Binghamton Mets batting - Pitching for Greensboro Grasshoppers : LHP Melvin Castro
Batting: LHB Bayesa Mundhir 0-0: Called Strike
0-1: Ball
1-1: Foul Ball, location: 2F
1-2: Ball
2-2: SINGLE (Groundball, 34D, EV 111.9 MPH)
Batting: LHB Tony Leyba 0-0: Ball
1-0: SINGLE (Groundball, 6D, EV 102.5 MPH)
Bayesa Mundhir to second
Batting: RHB Jose Lara 0-0: Called Strike
0-1: SINGLE (Groundball, 6S, EV 72.5 MPH) (infield hit)
Bayesa Mundhir to third
Tony Leyba to second
Pitching: RHP Joe Lynn
Batting: RHB Fathi Addae 0-0: Ball
1-0: Foul Ball, location: 2F
1-1: Swinging Strike
1-2: Ball
2-2: Foul Ball, location: 2F
2-2: Ball
3-2: Strikes out swinging
Batting: RHB Gang-sheng Chew 0-0: Swinging Strike
0-1: Ball
1-1: Foul Ball, location: 2F
1-2: Strikes out looking
Batting: RHB Frank Shaw 0-0: Ball
1-0: Swinging Strike
1-1: Fielders Choice at 2nd, 6-4 (Groundball, 6, EV 93.8 MPH)
Bottom of the 7th over - 0 runs, 3 hits, 0 errors, 3 left on base; Greensboro 8 - Binghamton 2
TOP OF THE 8TH
Greensboro Grasshoppers batting - Pitching for Binghamton Mets : LHP Luis Herrera
Batting: SHB Matt Moore 0-0: Ball
1-0: DOUBLE (Groundball, 5L, EV 106.2 MPH)
Batting: RHB Nate Crofts 0-0: Ball
1-0: SINGLE (Line Drive, 8LS, EV 87.5 MPH)
Matt Moore to third
Batting: RHB Jim Fisher 0-0: Called Strike
0-1: Ball
1-1: Ball
2-1: Fly out, F7 (Flyball, 7, EV 96.2 MPH)
Batting: RHB Larry LeFever 0-0: Ball
1-0: Ground out 4-3 (Groundball, 4M, EV 98.1 MPH)
Matt Moore scores
Nate Crofts to second
Batting: RHB J.D. Vander Klok 0-0: Called Strike
0-1: Ball
1-1: Ground out 5-3 (Groundball, 5, EV 81.2 MPH)
Top of the 8th over - 1 run, 2 hits, 0 errors, 1 left on base; Greensboro 9 - Binghamton 2
BOTTOM OF THE 8TH
Binghamton Mets batting - Pitching for Greensboro Grasshoppers : RHP Joe Lynn
Batting: RHB Victor Reyes 0-0: Ball
1-0: Ground out 6-3 (Groundball, 6, EV 79.4 MPH)
Batting: RHB Oscar Bravo 0-0: Called Strike
0-1: Foul Ball, location: 2F
0-2: Ball
1-2: Ball
2-2: Ball
3-2: Foul Ball, location: 2F
3-2: Ground out U3 (Groundball, 3L, EV 82.5 MPH)
Batting: SHB Ryan Brown 0-0: SINGLE (Groundball, 56D, EV 103.8 MPH) (infield hit)
Pinch Hitting: RHB T.J. Spina 0-0: Ball
1-0: 2-RUN HOME RUN (Flyball, 7LD, EV 91.9 MPH), Distance : 340 ft
Batting: LHB Tony Leyba 0-0: Called Strike
0-1: Swinging Strike
0-2: Ball
1-2: Ball
2-2: Foul Ball, location: 2F
2-2: Foul Ball, location: 2F
2-2: Foul Ball, location: 2F
2-2: Foul Ball, location: 2F
2-2: Foul Ball, location: 2F
2-2: Strikes out swinging
Bottom of the 8th over - 2 runs, 2 hits, 0 errors, 0 left on base; Greensboro 9 - Binghamton 4
TOP OF THE 9TH
Greensboro Grasshoppers batting - Pitching for Binghamton Mets : LHP Luis Herrera
Now at 1B: Sean Lee
Batting: RHB Chris Alft 0-0: Foul Ball, location: 2F
0-1: Swinging Strike
0-2: Ball
1-2: Ball
2-2: Foul Ball, location: 2F
2-2: Strikes out swinging
Batting: RHB Akira Suzuki 0-0: Called Strike
0-1: Ground out 4-3 (Groundball, 4M, EV 88.1 MPH)
Batting: LHB Jose Cabello 0-0: Ball
1-0: Ball
2-0: Called Strike
2-1: Ground out 4-3 (Groundball, 34, EV 93.1 MPH)
Top of the 9th over - 0 runs, 0 hits, 0 errors, 0 left on base; Greensboro 9 - Binghamton 4
BOTTOM OF THE 9TH
Binghamton Mets batting - Pitching for Greensboro Grasshoppers : RHP Joe Lynn
Batting: RHB Jose Lara 0-0: Ball
1-0: Ball
2-0: Called Strike
2-1: Foul Ball, location: 2F
2-2: Foul Ball, location: 2F
2-2: Ball
3-2: Base on Balls
Pitching: LHP Jerry Woods
Batting: RHB Fathi Addae 0-0: Called Strike
0-1: Swinging Strike
0-2: Fielders Choice at 2nd, 5-4 (Groundball, 56, EV 103.1 MPH)
Batting: RHB Gang-sheng Chew 0-0: Ball
1-0: Foul Ball, location: 2F
1-1: Called Strike
1-2: Strikes out looking
Batting: RHB Frank Shaw 0-0: Ground out 5-3 (Groundball, 56S, EV 72.5 MPH)
Bottom of the 9th over - 0 runs, 0 hits, 0 errors, 1 left on base; Greensboro 9 - Binghamton 4
Thursday, December 15th , 2022 - OOTP Baseball 23.9 Build 102